 Dungeon Crawl Stone Soup version 0.31-a0-8-gd14b0f4ee2 (webtiles) character file.

Game seed: 4364298680811016909

119692 Ic0nGaming the Imperceptible (level 17, 98/98 HPs)
             Began as a Kobold Gladiator on May 2, 2023.
             Was the Champion of Makhleb.
             Quit the game on level 3 of the Shoals on Feb 9, 2024.
             The game lasted 01:16:14 (30187 turns).

Ic0nGaming the Imperceptible (Kobold Gladiator)    Turns: 30187, Time: 01:16:14

Health: 98/98      AC: 15    Str: 11    XL:     17   Next: 35%
Magic:  28/28      EV: 24    Int: 11    God:    Makhleb [******]
Gold:   1183       SH: 17    Dex: 29    Spells: 16/16 levels left

rFire   + + .        a - +5 rapier (drain)
rCold   + + .        Q - +2 kite shield {reflect}
rNeg    . . .        A - quicksilver dragon scales of Beriqis {rF+ Will+ Dex+6}
rPois   +            c - +0 helmet
rElec   .            s - +1 cloak
rCorr   .            w - +1 pair of gloves
SInv    +            W - +0 pair of boots
Will    ++...        u - amulet of regeneration Stlth *+++++++++
                     m - ring of flight
HPRegen 1.16/turn    V - ring "Emeofaku" {rPois rF+ rC++ SInv Stlth+}
MPRegen 0.21/turn

%: reflection
@: flying, studying Maces & Flails
A: small, no large weapons, nightstalker 3
a: Renounce Religion, Minor Destruction, Lesser Servant of Makhleb, Major
Destruction, Greater Servant of Makhleb


You were on level 3 of the Shoals.
You worshipped Makhleb.
Makhleb was exalted by your worship.
You visited 5 branches of the dungeon, and saw 26 of its levels.
You also visited: Ice Cave.

You collected 3170 gold pieces.
You spent 1987 gold pieces at shops.

Inventory:

Hand Weapons
 a - a +5 rapier of draining (weapon)
 X - a +2 rapier of electrocution
Missiles
 d - 5 throwing nets
 e - 23 boomerangs (quivered)
 C - 3 curare-tipped darts
Armour
 c - a +0 helmet (worn)
 s - a +1 cloak (worn)
 w - a +1 pair of gloves (worn)
 A - the quicksilver dragon scales of Beriqis (worn) {rF+ Will+ Dex+6}
   (You bought it in a shop on level 2 of the Shoals)

   Dex:       It affects your dexterity (+6).
   rF:        It protects you from fire.
   Will:      It increases your willpower.
 Q - a +2 kite shield of reflection (worn)
 W - a +0 pair of boots (worn)
Jewellery
 k - a ring of poison resistance
 m - a ring of flight (left hand)
 t - a ring of willpower
 u - an amulet of regeneration (around neck)
 y - a ring of see invisible
 U - a ring of protection from cold
 V - the ring "Emeofaku" (right hand) {rPois rF+ rC++ SInv Stlth+}
   (You acquired it on level 15 of the Dungeon)

   [ring of protection from fire]

   rF:        It protects you from fire.
   rC:        It greatly protects you from cold.
   rPois:     It protects you from poison.
   SInv:      It lets you see invisible.
   Stlth:     It makes you more stealthy.
Wands
 i - a wand of flame (20)
 n - a wand of charming (11)
 v - a wand of iceblast (16)
 I - a wand of acid (13)
 L - a wand of digging (2)
 T - a wand of mindburst (7)
Scrolls
 b - 3 scrolls of fear
 f - 7 scrolls of teleportation
 r - 2 scrolls of magic mapping
 x - 6 scrolls of blinking
 B - 5 scrolls of fog
 E - 3 scrolls of poison
 J - a scroll of summoning
 N - 3 scrolls of amnesia
 R - 12 scrolls of identify
Potions
 g - 4 potions of cancellation
 h - 5 potions of might
 j - 3 potions of lignification
 l - 9 potions of curing
 o - 2 potions of ambrosia
 p - 3 potions of mutation
 q - 3 potions of magic
 z - a potion of berserk rage
 F - 2 potions of flight
 G - 3 potions of brilliance
 H - 2 potions of attraction
 K - 2 potions of heal wounds
 M - a potion of resistance
 O - 4 potions of haste
 P - 4 potions of invisibility
Miscellaneous
 S - a phial of floods


   Skills:
 + Level 8.3 Fighting
 - Level 14.0 Short Blades
 - Level 2.1 Throwing
 - Level 13.3 Dodging
 + Level 23.1 Stealth
 - Level 10.4 Shields
 + Level 15.1 Invocations


You had 16 spell levels left.
You didn't know any spells.
Your spell library contained the following spells:

 Spells                   Type           Power      Damage    Failure   Level
 Foxfire                  Conj/Fire      0%         2x1d4     93%         1
 Magic Dart               Conj           0%         1d3       93%         1
 Sandblast                Erth           0%         2d4       93%         1
 Call Imp                 Summ           0%         N/A       98%         2
 Lesser Beckoning         Tloc           0%         N/A       98%         2
 Passwall                 Tmut/Erth      0%         N/A       98%         2
 Call Canine Familiar     Summ           0%         N/A       100%        3
 Gell's Gravitas          Tloc           0%         N/A       100%        3
 Mephitic Cloud           Conj/Pois/Air  0%         N/A       100%        3
 Portal Projectile        Hex/Tloc       0%         N/A       100%        3
 Stone Arrow              Conj/Erth      0%         3d7       100%        3
 Teleport Other           Tloc           0%         N/A       100%        3
 Leda's Liquefaction      Hex/Erth       0%         N/A       100%        4
 Olgreb's Toxic Radiance  Pois           0%         N/A       100%        4
 Passage of Golubria      Tloc           0%         N/A       100%        4
 Fireball                 Conj/Fire      0%         3d3       100%        5
 Silence                  Hex/Air        0%         N/A       100%        5
 Plasma Beam              Fire/Air       0%         2x1d11    100%        6
 Starburst                Conj/Fire      0%         6d3       100%        6
 Discord                  Hex            0%         N/A       100%        8
 Ignition                 Fire           0%         3d3       100%        8
 Lehudib's Crystal Spear  Conj/Erth      0%         10d2      100%        8


Dungeon Overview and Level Annotations

Branches:
Dungeon (15/15)            Temple (1/1) D:4            Lair (5/5) D:9
 Shoals (3/4) Lair:3       Spider (0/4) Lair:2        Slime (0/5) Lair:4
    Orc (2/2) D:11            Elf (0/3) Orc:2        Vaults (0/5) D:14
 Depths (0/4) D:15          IceCv (visited)

Altars:
Ashenzari
Cheibriados
Dithmenos
Elyvilon
Fedhas
Gozag
Hepliaklqana
Kikubaaqudgha
Makhleb
Nemelex Xobeh
Okawaru
Qazlal
Ru
Sif Muna
Trog
Uskayaw
Vehumet
Wu Jian
Xom
Yredelemnul
Zin
The Shining One
Jiyva

Shops:
D:4 *(=*[*?*   D:6 *   D:7 ?*   Orc:2 *([=   Shoals:2 [

Annotations:
Lair:5 3 runed translucent doors, Rupert


Innate Abilities, Weirdness & Mutations

You are small and have problems with some larger weapons.
You are completely attuned to the shadows.


Message History

You hit the merfolk.
The merfolk is heavily wounded.
You puncture the merfolk!
The merfolk is severely wounded.
The merfolk hits you but does no damage.
You puncture the merfolk!
The merfolk is almost dead.
You closely miss the merfolk.
The merfolk is almost dead.
You block the merfolk's attack.
You hit the merfolk. You drain the merfolk.
The merfolk is almost dead.
The merfolk hits you with a +0 trident!
You puncture the merfolk!
You kill the merfolk!
Makhleb accepts your kill.
You feel better.
e - 23 boomerangs (gained 1)
You see here a +0 trident.
Save game and exit?
Welcome back, Ic0nGaming the Kobold Gladiator.
Blood and souls for Makhleb!
Press ? for a list of commands and other information.
Save game and exit? [Y]es or [N]o only, please.
Save game and exit? [Y]es or [N]o only, please.
Save game and exit?
Welcome back, Ic0nGaming the Kobold Gladiator.
Blood and souls for Makhleb!
Press ? for a list of commands and other information.
Save game and exit? [Y]es or [N]o only, please.
Save game and exit? [Y]es or [N]o only, please.
Save game and exit?
Welcome back, Ic0nGaming the Kobold Gladiator.
Blood and souls for Makhleb!
Press ? for a list of commands and other information.
Are you sure you want to abandon this character and quit the game? (Confirm with "yes".)

#.~≈≈≈≈~~~~~~~≈
#~~≈≈~~~~~~~~~~≈
##~~≈~~~~~~~~~~~P
#.~~)~~~~....~~~~
##~~~)~......~~$~
##.~≈~~.)####)..~~
~~~≈≈~~.<# ##...~~
~≈≈≈≈~~~.###.....~
~≈≈≈≈~)~.@.....##~
~≈~~~~~~...~..##
~~~~~~~~~~...#..
~PP~PP~≈~~~....~~
PPPP~~≈~~~~~~~~
~P.P≈≈~~~~~
.P~≈≈~~~~


There were no monsters in sight!

Vanquished Creatures
  An orc warlord (Orc:2)
  2 fire dragons
  Josephine (D:11)
  Fannar (Lair:3)
  4 hydras
  5 centaur warriors
  3 boulder beetles
  3 merfolk aquamancers
  4 merfolk avatars
  5 two-headed ogres
  A satyr (Shoals:2)
  2 alligator snapping turtles
  A tengu warrior (D:14)
  3 death yaks
  An orc high priest (Orc:2)
  Urug (D:11)
  10 skysharks
  6 sea snakes
  A wizard (D:15)
  10 harpies
  A phantasmal warrior (D:14)
  10 ugly things
  A necromancer (D:15)
  6 orc knights
  3 orc sorcerers
  7 cyclopes
  A deep elf pyromancer (D:14)
  10 fauns
  7 manticores
  6 elephants
  2 centaur zombies (D:15)
  4 black mambas
  3 merfolk sirens (Shoals:2)
  2 ice statues (IceCv)
  2 guardian serpents (D:15)
  Joseph (D:8)
  3 naga magi (D:15)
  2 unseen horrors
  17 cane toads
  An efreet (D:13)
  An unseen horror (shapeshifter) (D:15)
  A freezing wraith (D:14)
  9 komodo dragons
  4 rime drakes
  4 kobold demonologists
  A tengu conjurer (D:14)
  An anaconda simulacrum (IceCv)
  4 ice devils (IceCv)
  3 trolls
  10 meliai
  9 merfolk
  A wind drake (Shoals:2)
  A wolf spider simulacrum (D:14)
  6 polar bears
  18 blink frogs
  7 dream sheep
  6 snapping turtles
  13 slime creatures
  A slime creature (shapeshifter) (D:14)
  A shadow (D:12)
  2 centaur simulacra (D:15)
  7 water elementals
  7 wyverns
  A vampire (D:13)
  3 wraiths (D:11)
  41 yaks
  8 basilisks
  4 steam dragons
  2 death yak simulacra (IceCv)
  4 vampire mosquitoes (D:11)
  11 wargs
  A hydra simulacrum (IceCv)
  An acid dragon (D:9)
  10 water moccasins
  A sky beast (D:7)
  27 orc warriors
  3 black bears
  2 ice beasts
  A hornet zombie (D:15)
  9 wolves
  4 boggarts (D:15)
  23 centaurs
  17 ogres
  3 phantoms
  7 kobold brigands
  Blork the orc (Orc:2)
  7 gnoll sergeants
  13 bullfrogs
  3 scorpions
  2 two-headed ogre simulacra (IceCv)
  2 elephant simulacra (IceCv)
  5 spriggan skeletons (D:11)
  7 killer bees
  A troll skeleton (D:11)
  8 howler monkeys
  6 jellies
  23 orc priests
  6 hounds
  9 gnoll boudas
  5 iguanas
  2 sleepcaps (D:7)
  28 orc wizards
  2 spriggan simulacra (IceCv)
  2 troll simulacra (IceCv)
  14 gnolls
  8 adders
  A shadow imp (D:6)
  5 white imps
  2 ufetubi
  A worm (D:2)
  3 dart slugs
  67 orcs
  8 ball pythons
  4 bats
  4 endoplasms
  5 giant cockroaches
  6 goblins
  9 hobgoblins
  2 quokkas
  3 frilled lizards
  17 kobolds
  2 rats
747 creatures vanquished.

Vanquished Creatures (collateral kills)
  A reaper (IceCv)
  An orc warlord (Orc:2)
  A catoblepas (Lair:2)
  Lodul (D:10)
  An orc sorcerer (Orc:2)
  A faun (Shoals:2)
  An ice devil (IceCv)
  A troll (D:10)
  A warg (Orc:2)
  2 harpy simulacra (IceCv)
  8 orc warriors
  An ogre (D:10)
  A centaur (D:10)
  A gnoll sergeant (D:10)
  5 wights (D:10)
  An orc priest (Orc:2)
  2 orc wizards
  A troll simulacrum (IceCv)
  2 ufetubi (IceCv)
  6 orcs (Orc:2)
39 creatures vanquished.

Vanquished Creatures (others)
  22 fungi
  68 plants
90 creatures vanquished.

Grand Total: 876 creatures vanquished

Notes
Turn   | Place    | Note
-------+----------+-------------------------------------------
     0 | D:1      | Ic0nGaming the Kobold Gladiator began the quest for the
                  | Orb.
     0 | D:1      | Reached XP level 1. HP: 12/12 MP: 1/1
   244 | D:1      | Reached skill level 1 in Stealth
   398 | D:1      | Reached XP level 2. HP: 17/17 MP: 2/2
   698 | D:1      | Found a faded altar of an unknown god.
  1083 | D:2      | Reached skill level 2 in Stealth
  1110 | D:2      | Reached XP level 3. HP: 20/21 MP: 3/3
  1623 | D:2      | Reached skill level 5 in Short Blades
  1711 | D:2      | Reached skill level 3 in Stealth
  1811 | D:2      | Reached XP level 4. HP: 24/26 MP: 4/4
  2433 | D:3      | Found a faded altar of an unknown god.
  2442 | D:3      | Found a radiant altar of Vehumet.
  2567 | D:3      | Found a sacrificial altar of Ru.
  2987 | D:4      | Found Pien's Weapon Shoppe.
  2987 | D:4      | Found Ajotwere's Assorted Antiques.
  2988 | D:4      | Found Foido's Armour Shoppe.
  3047 | D:4      | Found a staircase to the Ecumenical Temple.
  3060 | D:4      | Reached skill level 4 in Stealth
  3060 | D:4      | Reached XP level 5. HP: 13/30 MP: 5/5
  3179 | Temple   | Entered the Ecumenical Temple
  3387 | Temple   | Became a worshipper of Makhleb the Destroyer
  3513 | D:4      | Found Lasungem's General Store.
  3518 | D:4      | Bought a scroll of fear for 52 gold pieces
  3529 | D:4      | Found Boomitwi's Assorted Antiques.
  3584 | D:4      | Noticed a water moccasin
  3596 | D:4      | Killed a water moccasin
  3597 | D:4      | Reached skill level 5 in Stealth
  3597 | D:4      | Reached XP level 6. HP: 31/35 MP: 6/6
  3676 | D:4      | Found Yffue's General Store.
  3683 | D:4      | Bought a potion of curing for 36 gold pieces
  3683 | D:4      | Bought a scroll of identify for 24 gold pieces
  3683 | D:4      | Bought a +0 cloak for 54 gold pieces
  3906 | D:4      | Found Nisufoxe's Magic Scroll Emporium.
  4074 | D:4      | Reached skill level 6 in Stealth
  4117 | D:4      | Found Wimaebra's Jewellery Boutique.
  4124 | D:4      | Reached XP level 7. HP: 40/40 MP: 7/7
  4374 | D:5      | Entered Level 5 of the Dungeon
  4441 | D:5      | Reached skill level 7 in Stealth
  4643 | D:5      | Reached skill level 8 in Stealth
  4653 | D:5      | Reached XP level 8. HP: 9/44 MP: 8/8
  4653 | D:5      | Reached * piety under Makhleb
  4952 | D:5      | Reached skill level 9 in Stealth
  5485 | D:4      | Bought a scroll of blinking for 105 gold pieces
  5733 | D:5      | Reached skill level 10 in Short Blades
  5774 | D:5      | Found a sparkling altar of Nemelex Xobeh.
  6117 | D:5      | Reached skill level 10 in Stealth
  6324 | D:6      | Reached XP level 9. HP: 48/48 MP: 9/9
  6369 | D:6      | Found a stormy altar of Qazlal.
  6512 | D:6      | Reached ** piety under Makhleb
  6633 | D:6      | Found a glowing silver altar of Zin.
  6648 | D:6      | Reached skill level 11 in Stealth
  6837 | D:6      | Found a basalt altar of Yredelemnul.
  6912 | D:6      | Found a shadowy altar of Dithmenos.
  6917 | D:6      | Found an opulent altar of Gozag.
  6918 | D:6      | Found a broken altar of Ashenzari.
  6918 | D:6      | Found a white marble altar of Elyvilon.
  7004 | D:6      | Found Heto's CLEARANCE SALE!.
  7086 | D:4      | Bought a scroll of silence for 133 gold pieces
  7594 | D:7      | Found Gukilul's Assorted Antiques.
  7656 | D:7      | Found Nirchaxt's Magic Scroll Boutique.
  7659 | D:7      | Reached skill level 12 in Stealth
  7659 | D:7      | Reached skill level 1 in Invocations
  7698 | D:7      | Bought a silvery potion for 26 gold pieces
  7698 | D:7      | Bought a ruby potion for 26 gold pieces
  7748 | D:7      | Bought a scroll of enchant weapon for 90 gold pieces
  8071 | D:8      | Reached *** piety under Makhleb
  8101 | D:8      | Noticed a two-headed ogre
  8105 | D:8      | Killed a two-headed ogre
  8106 | D:8      | Reached skill level 13 in Stealth
  8106 | D:8      | Reached skill level 5 in Invocations
  8106 | D:8      | Reached XP level 10. HP: 53/53 MP: 12/14
  8210 | D:8      | Noticed Joseph
  8239 | D:8      | Killed Joseph
  8776 | D:8      | Found an ornate altar of the Wu Jian Council.
  8969 | D:9      | Noticed a two-headed ogre
  8979 | D:9      | Killed a two-headed ogre
  8980 | D:9      | Reached skill level 14 in Stealth
  8984 | D:9      | Noticed a kobold demonologist
  8988 | D:9      | Killed a kobold demonologist
  9062 | D:9      | Reached XP level 11. HP: 57/57 MP: 17/17
  9384 | D:9      | Found a staircase to the Lair.
  9753 | D:10     | Entered Level 10 of the Dungeon
 10065 | D:10     | Reached skill level 10 in Invocations
 10100 | D:10     | Reached **** piety under Makhleb
 10299 | Lair:1   | Entered Level 1 of the Lair of Beasts
 10348 | Lair:1   | Reached skill level 15 in Stealth
 11424 | Lair:1   | Reached skill level 16 in Stealth
 11535 | Lair:2   | Reached XP level 12. HP: 59/62 MP: 20/20
 11745 | Lair:2   | Found a hole to the Spider Nest.
 11845 | Lair:2   | Noticed a catoblepas
 11863 | Lair:2   | Noticed a skyshark
 11866 | Lair:2   | Killed a catoblepas
 11899 | Lair:2   | Killed a skyshark
 12914 | Lair:2   | Reached skill level 5 in Dodging
 13114 | Lair:3   | Reached skill level 5 in Fighting
 13374 | Lair:3   | Noticed an eight-headed hydra
 13378 | Lair:3   | Killed an eight-headed hydra
 13379 | Lair:3   | Reached XP level 13. HP: 74/74 MP: 21/21
 13447 | Lair:3   | Found a staircase to the Shoals.
 13562 | Lair:3   | Noticed Fannar
 13585 | Lair:3   | Killed Fannar
 14398 | Lair:4   | Noticed a five-headed hydra
 14481 | Lair:4   | Reached skill level 17 in Stealth
 14613 | Lair:4   | Identified the +3 battleaxe of Neygu {venom, rElec Int+2
                  | Stlth+}
 14661 | Lair:4   | Reached ***** piety under Makhleb
 14681 | Lair:4   | Reached skill level 10 in Dodging
 14737 | Lair:4   | Found a staircase to the Slime Pits.
 14739 | Lair:4   | Found a viscous altar of Jiyva.
 14952 | Lair:4   | Reached skill level 18 in Stealth
 15021 | Lair:4   | Killed a five-headed hydra
 15646 | Lair:5   | Entered Level 5 of the Lair of Beasts
 15812 | Lair:5   | Noticed Rupert
 15970 | Lair:5   | Reached XP level 14. HP: 83/83 MP: 22/22
 16137 | Lair:5   | Found a runed translucent gate.
 16142 | Lair:5   | Found a runed translucent gate.
 16143 | Lair:5   | Found a runed translucent gate.
 16188 | Lair:5   | Reached skill level 19 in Stealth
 16583 | Lair:5   | Found the +7 mace of Variability {chaos, chaos arc}
 16592 | Lair:5   | Reached skill level 20 in Stealth
 16910 | D:4      | Bought a ring of protection from cold for 350 gold pieces
 17265 | D:10     | Reached skill level 1 in Shields
 17409 | D:10     | Noticed Lodul
 17441 | D:10     | Killed Lodul
 17564 | D:10     | Identified the +9 plate armour of Hepliaklqana, Mauling
                  | {Str+5}
 18552 | D:11     | Reached XP level 15. HP: 88/88 MP: 24/24
 18725 | D:11     | Found a staircase to the Orcish Mines.
 19153 | D:11     | Noticed Josephine
 19158 | D:11     | Killed Josephine
 19164 | D:11     | Noticed Urug
 19168 | D:11     | Killed Urug
 20090 | D:12     | Reached ****** piety under Makhleb
 20480 | D:13     | Found a frozen archway.
 20486 | IceCv    | Entered an ice cave
 20542 | IceCv    | Reached skill level 5 in Shields
 21304 | IceCv    | Noticed a reaper
 21348 | IceCv    | Killed a reaper
 21349 | IceCv    | Reached skill level 21 in Stealth
 22224 | D:14     | Found a gate to the Vaults.
 23100 | D:15     | Entered Level 15 of the Dungeon
 23225 | D:15     | Identified a scroll of acquirement
 23226 | D:15     | Acquired the ring "Emeofaku" {rPois rF+ rC++ SInv Stlth+}
 23774 | D:15     | Reached XP level 16. HP: 92/92 MP: 26/26
 24128 | D:15     | Found a staircase to the Depths.
 24858 | Orc:1    | Entered Level 1 of the Orcish Mines
 24902 | D:11     | Reached skill level 22 in Stealth
 25273 | Orc:2    | Entered Level 2 of the Orcish Mines
 25334 | Orc:2    | Found a staircase to the Elven Halls.
 26018 | Orc:2    | Noticed Blork the orc
 26450 | Orc:2    | Paralysed by an orc sorcerer for 2 turns
 26490 | Orc:2    | Killed Blork the orc
 26722 | Orc:2    | Found Iqag's Antique Weapon Boutique.
 26770 | Orc:2    | Found Moeriba's Jewellery Boutique.
 26798 | Orc:2    | Found Qokomuh's General Store.
 26805 | Orc:2    | Bought a potion of might for 52 gold pieces
 26946 | Orc:2    | Found Qisoen's Antique Armour Boutique.
 27384 | Shoals:1 | Entered Level 1 of the Shoals
 28568 | Shoals:2 | Reached skill level 10 in Shields
 28607 | Shoals:2 | Reached XP level 17. HP: 97/97 MP: 28/28
 29668 | Shoals:2 | Reached skill level 23 in Stealth
 29802 | Shoals:2 | Reached skill level 15 in Invocations
 29988 | Shoals:2 | Found Tarhunz's Dragon-Slaying Spoils.
 29993 | Shoals:2 | Bought the quicksilver dragon scales of Beriqis {rF+ Will+
                  | Dex+6} for 1039 gold pieces
 30187 | Shoals:3 | Upgraded the game from 0.31-a0-1-g4198be8af4 to
                  | 0.31-a0-8-gd14b0f4ee2
 30187 | Shoals:3 | Quit the game

Illustrated notes

Levels and vault maps discovered:
D:1:      dpeg_arrival_circle_labyrinth_a, layout_rooms,
          shapermc_ecumenical_altar_mp_vishouse,
          nicolae_concentric_dashed_squares_wild
D:2:      layout_basic, st_stairs_12
D:3:      layout_basic, mainiacjoe_overflow_tiny_flanked,
          nicolae_overflow_ecumenical_swirl
D:4:      minmay_wonky_spiral, layout_loops_ring, minmay_temple_entry_grid,
          serial_shops, shop, nicolae_shop_just_a_little_nook,
          nicolae_shop_crystal, nicolae_shop_tiny_statue_garden, shop,
          nicolae_shop_distant_corner_stores
D:5:      layout_basic, overflow_temple_1_default, st_stairs_7,
          minmay_fractal_squares_diagonal_5
D:6:      layout_loops_ring, grunt_qazlal_sundering,
          nicolae_overflow_hidden_temple, amcnicky_altar_gilded, minitemple,
          nicolae_shop_clearance
D:7:      layout_cave_pools, serial_shops, shop, kennysheep_small_square
D:8:      layout_basic, nzn_wu_jian_council_hall, uniq_joseph
D:9:      layout_loops_ring, dpeg_oklobed_lair, minivault_5,
          hangedman_abyss_or_decor_stabs
D:10:     lemuel_castle_with_subvaults [lemuel_castle_interior_carwin_1],
          layout_irregular_city, centaur_isle, uniq_lodul
D:11:     layout_long_grid, minmay_orc_entry_temple_small,
          hangedman_tell_no_tales, uniq_urug, uniq_josephine
D:12:     layout_loops_ring, lemuel_old_faithful
D:13:     layout_cave_pools, gauntlet_entry_generic,
          portal_ice_cave_entry_pillars_1
D:14:     layout_basic, david_vaults_4, hangedman_abyss_or_decor_lesser_grid
D:15:     grunt_enter_depths_magical_seal, layout_grid_maze,
          chequers_serial_rivers_room_a, nrook_guardian_serpent_ordinary
Temple:   bh_familiar_temple
Lair:1:   layout_cave_pods, grunt_megastairs_3
Lair:2:   layout_gridlike, hellmonk_spider_entry_not_the_bees, lemuel_fruit_tree
Lair:3:   layout_roguey, nicolae_shoals_entry_roost, beast_lair_carwin_11,
          uniq_fannar
Lair:4:   layout_small_grid, minmay_slime_entry_pillars,
          amcnicky_mini_pool_medium, grunt_megastairs_2
Lair:5:   gammafunk_lair_ancient_temple, layout_regular_city,
          gammafunk_ghost_split, minivault_19, uniq_rupert
Shoals:1: layout_shoals
Shoals:2: layout_shoals, nicolae_shop_dragon_depot
Shoals:3: layout_shoals, uniq_louise
Orc:1:    layout_diamond_mine
Orc:2:    grunt_orc_cross, layout_caves, basic_altar

Skill      XL: |  1  2  3  4  5  6  7  8  9 10 11 12 13 14 15 16 17 |
---------------+----------------------------------------------------+-----
Stealth        | 1 2 3 4 5 6 8 10 13 14 16 18 20 21 22 23 | 23.1
Short Blades   | 5 6 7 8 10 11 12 14 | 14.0
Invocations    | 5 9 11 12 13 14 15 | 15.1
Dodging        | 7 11 13 | 13.3
Fighting       | 6 7 8 |  8.3
Shields        | 3 7 10 | 10.4
Throwing       | |  2.1

Action                     |  1- 3 |  4- 6 |  7- 9 | 10-12 | 13-15 | 16-18 || total
---------------------------+-------+-------+-------+-------+-------+-------++-------
  Melee: Rapier            |    73 |    72 |   397 |   628 |  1567 |   973 ||  3710
         Punch             |       |       |     3 |    10 |     6 |       ||    19
  Throw: Boomerang         |       |     1 |     4 |    22 |    22 |     5 ||    54
         Throwing net      |       |       |       |     4 |       |       ||     4
 Invoke: Major Destruction |       |       |       |     1 |     9 |       ||    10
         Lesser Servant of |       |       |       |     1 |     8 |     3 ||    12
         Greater Servant o |       |       |       |       |     1 |     2 ||     3
  Evoke: Phial of floods   |       |       |       |       |     1 |       ||     1
         Wand              |       |       |       |       |     2 |     3 ||     5
    Use: Scroll            |     4 |    14 |     6 |    10 |    10 |     4 ||    48
         Potion            |       |     1 |     1 |     1 |     9 |     2 ||    14
   Stab: Sleeping          |    10 |    18 |    26 |    37 |    77 |    62 ||   230
         Distracted        |       |     2 |     1 |     2 |    11 |     5 ||    21
         Confused          |       |       |     2 |       |       |       ||     2
         Held in net/web   |       |       |       |     4 |       |       ||     4
         Fleeing           |       |       |       |       |     1 |       ||     1
 Armour: Leather armour    |     8 |     7 |    79 |    21 |       |       ||   115
         Troll leather arm |       |       |       |    97 |    71 |       ||   168
         Skin              |       |       |       |    23 |       |       ||    23
         Ring mail         |       |       |       |       |   164 |    75 ||   239
         Quicksilver drago |       |       |       |       |       |     2 ||     2
  Dodge: Dodged            |    44 |    42 |   223 |   301 |   935 |   409 ||  1954
  Block: Kite shield       |       |       |       |       |   507 |   552 ||  1059
         Reflection        |       |       |       |       |     6 |    10 ||    16

Table legend: (Time is in decaauts)
 A = Elapsed time spent in this place.
 B = Non-inter-level travel time spent in this place.
 C = Inter-level travel time spent in this place.
 D = Time resting spent in this place.
 E = Time spent auto-exploring this place.
 F = Levels seen in this place.
 G = Mean time per level.
                   A        B        C        D        E       F      G
               +--------+--------+--------+--------+--------+-----+--------+
         Total |  28995 |  27299 |   1696 |   3209 |  17007 |  27 | 1073.9 |
       Dungeon |  16820 |  15738 |   1082 |   1673 |  10570 |  15 | 1121.3 |
        Temple |    231 |    208 |     23 |      0 |    169 |   1 |  231.0 |
          Lair |   6152 |   5807 |    345 |    736 |   3512 |   5 | 1230.4 |
        Shoals |   2640 |   2562 |     78 |    212 |   1622 |   3 |  880.0 |
  Orcish Mines |   2142 |   1976 |    166 |    113 |   1134 |   2 | 1071.0 |
      Ice Cave |   1007 |   1007 |      0 |    474 |      0 |   1 | 1007.0 |
               +--------+--------+--------+--------+--------+-----+--------+

Top non-repeatable levels by time:
     D:5: 1965 daAuts
    D:10: 1903 daAuts
    D:15: 1607 daAuts
   Orc:2: 1522 daAuts
Shoals:2: 1492 daAuts
  Lair:3: 1472 daAuts
  Lair:2: 1326 daAuts
  Lair:4: 1245 daAuts
    D:11: 1234 daAuts
     D:4: 1232 daAuts
  Lair:1: 1184 daAuts
     D:2: 1182 daAuts
Shoals:1: 1085 daAuts
     D:3: 1041 daAuts
   IceCv: 1007 daAuts
